 Dungeon Crawl Stone Soup version 0.28.0 (webtiles) character file.

Game seed: 5398987208384364789

4673 zeram the Covert (level 10, -5/69 HPs)
             Began as an Octopode Fighter on Feb 5, 2022.
             Was an Initiate of Gozag.
             Slain by a slime creature (12 damage)
             ... on level 8 of the Dungeon.
             The game lasted 00:13:40 (10666 turns).

zeram the Covert (Octopode Fighter)                Turns: 10666, Time: 00:13:41

Health: -5/69      AC:  5    Str: 22    XL:     10   Next: 44%
Magic:  10/10      EV: 14    Int: 10    God:    Gozag
Gold:   686        SH: 10    Dex: 13    Spells: 9/9 levels left

rFire   + + .      SeeInvis .   r - +7 mace "Conservator" {freeze, Contam +Blink rPois Str+5}
rCold   + + +      Faith    .   h - +0 kite shield "Zaust" {rPois rF++ rC++ Int-4}
rNeg    . . .      Spirit   .   (helmet restricted)
rPois   +          Reflect  .   (no amulet)
rElec   .          Harm     .   m - ring of Mirth {rC+ Int+2}
rCorr   .          Rampage  .   o - +4 ring of protection
Will    .....                   u - ring of poison resistance
Stlth   +++++.....              (no ring)
HPRegen 0.21/turn               (no ring)
MPRegen 0.12/turn               (no ring)
                                (no ring)
                                (no ring)

@: no status effects
A: almost no armour, amphibious, 8 rings, camouflage 1, gelatinous body 1,
(nimble swimmer 1), tentacles
a: Renounce Religion, Evoke Blink, Potion Petition, Call Merchant, Bribe Branch


You were on level 8 of the Dungeon.
You worshipped Gozag.
Gozag was pleased with you.
You visited 2 branches of the dungeon, and saw 9 of its levels.
You also visited: Sewer.

You collected 804 gold pieces.
You paid 118 gold pieces to Gozag.

Inventory:

Hand Weapons
 a - a +1 rapier
 r - the +7 mace "Conservator" (weapon) {freeze, Contam +Blink rPois Str+5}
   (You found it on level 5 of the Dungeon)

   It freezes those it strikes, dealing additional cold damage.
   It can also slow down cold-blooded creatures.
   Str:       It affects your strength (+5).
   rPois:     It protects you from poison.
   +Blink:    It lets you blink.
   Contam:    It causes magical contamination when unequipped.
Missiles
 l - 5 throwing nets (quivered)
Armour
 b - a +2 buckler
 h - the +0 kite shield "Zaust" (worn) {rPois rF++ rC++ Int-4}
   (You acquired it on level 5 of the Dungeon)

   Int:       It affects your intelligence (-4).
   rF:        It greatly protects you from fire.
   rC:        It greatly protects you from cold.
   rPois:     It protects you from poison.
Jewellery
 k - a ring of fire
 m - the ring of Mirth (left tentacle) {rC+ Int+2}
   (You found it on level 2 of the Dungeon)

   [ring of protection from cold]

   Int:       It affects your intelligence (+2).
   rC:        It protects you from cold.
 o - a +4 ring of protection (right tentacle)
 u - a ring of poison resistance (on tentacle)
 v - a ring of fire
Wands
 t - a wand of acid (5)
 x - a wand of iceblast (9)
 B - a wand of paralysis (8)
Scrolls
 q - a scroll of blinking
 w - 2 scrolls of teleportation
 y - a scroll of enchant weapon
Potions
 c - 2 potions of mutation
 d - 2 potions of cancellation {unknown}
 e - 2 potions of curing
 f - 2 potions of haste {unknown}
 g - 4 potions of lignification
 i - a potion of heal wounds {unknown}
 j - a potion of flight {unknown}
 n - 2 potions of attraction {unknown}
 p - a potion of berserk rage {unknown}
 C - a potion of brilliance


   Skills:
 + Level 6.3 Fighting
 - Level 6.2 Short Blades
 + Level 6.4 Maces & Flails
 + Level 6.4 Dodging
 + Level 9.9 Stealth
 * Level 6.4 Shields


You had 9 spell levels left.
You didn't know any spells.
Your spell library contained the following spells:

 Spells                   Type           Power      Damage    Failure   Level
 Sandblast                Erth           0%         2d4       69%         1
 Sting                    Tmut/Pois      0%         1d3       69%         1
 Summon Guardian Golem    Hex/Summ       0%         N/A       96%         3
 Passage of Golubria      Tloc           0%         N/A       100%        4
 Silence                  Hex/Air        0%         N/A       100%        5
 Orb of Destruction       Conj           0%         9d5       100%        7
 Spellforged Servitor     Conj/Summ      0%         N/A       100%        7
 Lehudib's Crystal Spear  Conj/Erth      0%         10d2      100%        8


Dungeon Overview and Level Annotations

Branches:
Dungeon (8/15)             Temple (1/1) D:6           Sewer (visited)
   Lair: D:8-11

Altars:
Ashenzari
Cheibriados
Dithmenos
Elyvilon
Fedhas
Gozag
Kikubaaqudgha
Makhleb
Nemelex Xobeh
Okawaru
Qazlal
Ru
Sif Muna
Trog
Uskayaw
Vehumet
Wu Jian
Xom
Yredelemnul
The Shining One

Shops:
D:2 *   D:5 *   D:7 :


Innate Abilities, Weirdness & Mutations

You cannot wear most types of armour.
You are amphibious.
You can wear up to eight rings at the same time.
Your skin changes colour to match your surroundings (Stealth+).
Your rubbery body absorbs attacks. (AC +1, EV +1)
((You are camouflaged when in or above water. (Stealth+)))
You have tentacles for arms and can constrict up to eight enemies at once.


Message History

The slime creature is heavily wounded.
The slime creature hits you! The slime creature hits you.
* * * LOW HITPOINT WARNING * * *
You sock the slime creature! You freeze the slime creature.
You squeeze the slime creature!
The slime creature is almost dead.
The slime creature misses you.
You barely miss the slime creature.
The slime creature is almost dead.
The slime creature barely misses you.
You sock the slime creature! You freeze the slime creature.
You kill the slime creature!
The slime creature hits you!
* * * LOW HITPOINT WARNING * * *
Things that are here:
a +4 dagger of chaos; a +1 robe of the Archmagi You feel better.
The slime creature barely misses you.
Unknown command.
Unknown command.
You feel better. The slime creature hits you!
* * * LOW HITPOINT WARNING * * *
You sock the slime creature! You freeze the slime creature.
The slime creature is moderately wounded.
The slime creature hits you.
* * * LOW HITPOINT WARNING * * *
You hit the slime creature but do no damage.
The slime creature is moderately wounded.
The slime creature hits you.
* * * LOW HITPOINT WARNING * * *
You sock the slime creature! You freeze the slime creature.
The slime creature is heavily wounded.
You block the slime creature's attack.
You barely miss the slime creature.
The slime creature is heavily wounded.
The slime creature misses you.
You sock the slime creature! You freeze the slime creature.
The slime creature is severely wounded.
The slime creature barely misses you. The slime creature hits you!
You die...
Your body crumbles into a pile of gold.

## #..# ##.....##.....###...
## #..# ##..####......##...
.### ##..# ##..## #...##..#...
...### #...###..##
##...###..Z..
.#...###........# #...##
##.... ####...#........###
#..## #.... #
##.....#.......###..# ##... #
#.............##...# ###.... #
#..........J@......####......
#
##.................###........
#.............................
#......................)......
#...............####..........
###..............##
####....... #................#
###..... ####..#.........##
#..... ##.##........# ##...#


You could see a slime creature.

Vanquished Creatures
  Pikel (D:8)
  Maurice (D:8)
  Psyche (D:8)
  3 slime creatures (D:8)
  Sigmund (D:2)
  Edmund (D:4)
  A water moccasin (D:7)
  Pargi (Sewer)
  2 orc warriors
  A hornet zombie (D:5)
  A sky beast (D:7)
  3 black bears (D:6)
  A necrophage (D:6)
  An ogre (D:6)
  A centaur (D:6)
  A phantom (D:6)
  3 bullfrogs (D:8)
  Blork the orc (D:4)
  2 kobold brigands (D:6)
  A scorpion (D:5)
  2 gnoll sergeants (D:7)
  A water moccasin zombie (D:7)
  A wyvern zombie (D:6)
  6 killer bees (D:5)
  An orc priest (D:7)
  4 hounds
  2 jellies
  Crazy Yiuf (D:4)
  3 gnoll shamans
  Terence (D:2)
  3 iguanas
  3 orc wizards (D:5)
  A killer bee zombie (D:7)
  19 gnolls
  8 adders
  A howler monkey skeleton (D:7)
  3 river rats (D:3)
  A white imp (D:7)
  2 dart slugs (D:3)
  10 orcs
  7 ball pythons
  9 endoplasms
  4 giant cockroaches
  4 goblins (D:1)
  8 hobgoblins
  3 jackals (D:2)
  3 quokkas
  9 frilled lizards
  10 kobolds
  9 rats
167 creatures vanquished.

Vanquished Creatures (others)
  2 fungi (D:4)
  8 plants (D:1)
10 creatures vanquished.

Grand Total: 177 creatures vanquished

Notes
Turn   | Place    | Note
-------+----------+-------------------------------------------
     0 | D:1      | zeram the Octopode Fighter began the quest for the Orb.
     0 | D:1      | Reached XP level 1. HP: 16/16 MP: 1/1
    85 | D:1      | Reached XP level 2. HP: 10/21 MP: 2/2
   742 | D:1      | Reached XP level 3. HP: 23/26 MP: 3/3
  1303 | D:2      | Reached skill level 1 in Stealth
  1535 | D:2      | Found Ceyh's Assorted Antiques.
  1601 | D:2      | Reached skill level 2 in Stealth
  1601 | D:2      | Reached XP level 4. HP: 28/31 MP: 4/4
  1641 | D:2      | Noticed Sigmund
  1648 | D:2      | Killed Sigmund
  1649 | D:2      | Reached skill level 4 in Stealth
  1649 | D:2      | Reached XP level 5. HP: 13/37 MP: 5/5
  1878 | D:2      | Identified the ring of Mirth {rC+ Int+2}
  1992 | D:2      | Noticed Terence
  2007 | D:2      | Killed Terence
  2008 | D:2      | Reached XP level 6. HP: 28/43 MP: 6/6
  2014 | D:2      | Found a faded altar of an unknown god.
  2771 | D:3      | Found a glowing drain.
  2813 | Sewer    | Entered a sewer
  3044 | Sewer    | Noticed Pargi
  3051 | Sewer    | Killed Pargi
  3052 | Sewer    | Reached skill level 5 in Stealth
  3756 | D:3      | Found a basalt altar of Yredelemnul.
  3793 | D:3      | Reached XP level 7. HP: 48/48 MP: 7/7
  3900 | D:4      | Noticed Blork the orc
  3908 | D:4      | Killed Blork the orc
  3909 | D:4      | Reached skill level 6 in Stealth
  4682 | D:4      | Noticed Edmund
  4687 | D:4      | Killed Edmund
  4848 | D:4      | Reached skill level 7 in Stealth
  4958 | D:4      | Found a runed translucent door.
  4959 | D:4      | Noticed Crazy Yiuf
  4964 | D:4      | Killed Crazy Yiuf
  5014 | D:5      | Entered Level 5 of the Dungeon
  5014 | D:5      | Found Semm's Assorted Antiques.
  5105 | D:5      | Reached XP level 8. HP: 54/54 MP: 8/8
  5187 | D:5      | Reached skill level 5 in Short Blades
  5211 | D:5      | Identified the +7 mace "Conservator" {freeze, Contam +Blink
                  | rPois Str+5}
  5228 | D:5      | Reached skill level 8 in Stealth
  5833 | D:5      | Reached skill level 1 in Maces & Flails
  5842 | D:5      | Found a shimmering blue altar of Sif Muna.
  5860 | D:5      | Got Sif Muna's Incunabulum of Transmutation and Stones
  6066 | D:5      | Found a bloodstained altar of Trog.
  6071 | D:5      | Reached skill level 5 in Dodging
  6338 | D:5      | Identified a scroll of acquirement
  6338 | D:5      | Acquired the +0 kite shield "Zaust" {rPois rF++ rC++ Int-4}
  6407 | D:6      | Found a staircase to the Ecumenical Temple.
  6435 | Temple   | Entered the Ecumenical Temple
  6613 | Temple   | Became a worshipper of Gozag Ym Sagoz the Greedy
  6691 | D:6      | Reached skill level 5 in Fighting
  6691 | D:6      | Reached XP level 9. HP: 40/61 MP: 9/9
  7122 | D:6      | Reached skill level 9 in Stealth
  7853 | D:7      | Found Fuemp's Book Shoppe.
  7898 | D:7      | Reached skill level 5 in Shields
  9584 | D:8      | Found a snail-covered altar of Cheibriados.
  9612 | D:8      | Reached skill level 5 in Maces & Flails
  9962 | D:8      | Noticed a cyclops
 10191 | D:8      | Noticed Psyche
 10192 | D:8      | Noticed Maurice
 10200 | D:8      | Killed Psyche
 10201 | D:8      | Reached XP level 10. HP: 68/68 MP: 10/10
 10293 | D:8      | Noticed Pikel
 10315 | D:8      | Killed Pikel
 10488 | D:8      | Killed Maurice
 10574 | D:8      | Found a radiant altar of Vehumet.
 10666 | D:8      | Slain by a slime creature

Illustrated notes

Levels and vault maps discovered:
D:1:      wheals_arrival_shading, layout_loops_corners, serial_bayou,
          serial_bayou_pond_d, serial_bayou_crossing, serial_bayou_lake_a,
          serial_bayou_lagoon_a, hangedman_decor_push, minmay_indecisive_spiral
D:2:      layout_loops_ring, serial_shops, nicolae_shop_stone, serial_forest,
          infiniplex_forest_lined_room_2, infiniplex_forest_lined_ring,
          infiniplex_forest_fountain, infiniplex_forest_straight_3,
          infiniplex_forest_lined_room_3, infiniplex_forest_corner_1,
          infiniplex_forest_lined_3, infiniplex_forest_clump_C,
          dreamdust_ecumenical_altar_grove, uniq_terence, uniq_sigmund
D:3:      layout_basic, mainiacjoe_overflow_concentric_impassable,
          portal_sewer_entry_b
D:4:      layout_basic, item_on_display_b, uniq_crazy_yiuf_cottage,
          uniq_blork_the_orc, uniq_edmund
D:5:      layout_loops_ring, nzn_overflow_gifts_of_might_and_magic,
          serial_shops, nicolae_shop_hallway_stairs
D:6:      layout_loops_ring, minmay_temple_entry_wispy
D:7:      layout_basic, serial_shops, nicolae_shop_trees
D:8:      layout_layer_cave, mainiacjoe_overflow_24_doors,
          worldfamousw_hep_ancestral_shrine, nicolae_vehumet_radiance,
          nicolae_concentric_dashed_squares_wild, minmay_sticks_and_stones,
          uniq_pikel, uniq_psyche, uniq_maurice
Temple:   nicolae_temple_no_exploring_needed

Skill      XL: |  1  2  3  4  5  6  7  8  9 10 |
---------------+-------------------------------+-----
Stealth        | 2 4 5 7 8 9 |  9.9
Short Blades   | 3 4 6 |  6.2
Fighting       | 4 5 6 |  6.3
Dodging        | 4 5 6 |  6.4
Maces & Flails | 1 5 6 |  6.4
Shields        | 4 5 6 |  6.4

Action                   |  1- 3 |  4- 6 |  7- 9 | 10-12 || total
-------------------------+-------+-------+-------+-------++-------
Melee: Rapier            |    68 |    67 |    61 |       ||   196
       Constrict         |     9 |    13 |    50 |     2 ||    74
       Tentacles         |     8 |     9 |    57 |    13 ||    87
       Punch             |       |     1 |     6 |       ||     7
       Mace              |       |       |   168 |    37 ||   205
  Use: Potion            |       |     2 |     3 |     3 ||     8
       Scroll            |       |     7 |     9 |       ||    16
 Stab: Sleeping          |    10 |    11 |    14 |     1 ||    36
       Distracted        |       |       |     1 |       ||     1
       Invisible         |       |       |     1 |     1 ||     2
Armor: Skin              |     1 |     2 |    57 |     5 ||    65
Dodge: Dodged            |    21 |    41 |    93 |    27 ||   182
Block: Buckler           |    11 |     6 |    18 |       ||    35
       Kite shield       |       |       |    51 |    14 ||    65
